 Dungeon Crawl Stone Soup version 0.29.0-7-g18a832c13a (webtiles) character file.

Game seed: 12861748557920013308

247654 freelancePsychic the Fighter (level 18, 0/148 HPs)
             Began as a Demonspawn Fire Elementalist on Aug 31, 2022.
             Was a High Priest of Sif Muna.
             Slain by a +2 vorpal dire flail (1 damage)
             ... on level 2 of the Elven Halls.
             The game lasted 01:54:03 (41418 turns).

freelancePsychic the Fighter (DsFE)                Turns: 41418, Time: 01:54:03

Health: 0/148      AC: 16    Str:  9    XL:     18   Next: 83%
Magic:  34/34      EV: 29    Int: 33    God:    Sif Muna [*****.]
Gold:   1459       SH:  0    Dex: 15    Spells: 7/41 levels left

rFire   + + .      SeeInvis +     - Unarmed
rCold   . . .      Faith    .   (shield currently unavailable)
rNeg    . . .      Spirit   .   (body armour currently unavailable)
rPois   ∞          Reflect  .   (helmet currently unavailable)
rElec   +          Harm     .   (cloak currently unavailable)
rCorr   .          Rampage  .   (gloves currently unavailable)
Will    +....                   (boots currently unavailable)
Stlth   +.........              P - amulet of regeneration
HPRegen 1.14/turn               k - ring of Lawk {Wiz *Corrode +Blink rF++ SInv}
MPRegen 0.24/turn               I - ring of Tyomnun {Int+6 Dex+2}

@: agile, storm-form, silenced, corroded, flying, studying 2 skills, invisible,
unable to read
A: cleaving, insubstantial, flying, ignite blood 1, powered by pain 3, (sharp
scales 3), (demonic touch 2), clever 1, inability to read after injury 1
}: 2/15 runes: decaying, serpentine
a: Blinkbolt, End Transformation, Renounce Religion, Evoke Blink


You were on level 2 of the Elven Halls.
You worshipped Sif Muna.
Sif Muna was extremely pleased with you.
You were a lightning-filled tempest!
You visited 6 branches of the dungeon, and saw 32 of its levels.
You also visited: Desolation.

You collected 3039 gold pieces.
You spent 1580 gold pieces at shops.

Inventory:

Missiles
 p - 5 throwing nets
Armour
 m - a +1 pair of boots (melded)
 u - +3 swamp dragon scales
 G - the +0 buckler of Fortification (melded) {Dex+4}
   (You took it off a gnoll sergeant on level 4 of the Dungeon)

   Dex:       It affects your dexterity (+4).
 O - a +0 helmet (melded)
 U - a +0 troll leather armour (melded)
Magical Staves
 a - a staff of air (melded)
Jewellery
 f - a +4 ring of protection
 k - the ring of Lawk (left fist) {Wiz *Corrode +Blink rF++ SInv}
   (You bought it in a shop on level 2 of the Dungeon)

   [ring of wizardry]

   It improves your spell success rate.
   rF:        It greatly protects you from fire.
   SInv:      It lets you see invisible.
   +Blink:    It lets you blink.
   *Corrode:  It may corrode you when you take damage.
 E - an amulet of magic regeneration
 H - the ring of Kets {rCorr Dex-3 Slay+5}
   (You took it off a ragged hierophant in the Desolation of Salt)

   [ring of resist corrosion]

   Dex:       It affects your dexterity (-3).
   Slay:      It affects your accuracy & damage with ranged weapons and melee
   (+5).
   rCorr:     It protects you from acid and corrosion.
 I - the ring of Tyomnun (right fist) {Int+6 Dex+2}
   (You found it in the Desolation of Salt)

   [ring of intelligence]

   Int:       It affects your intelligence (+6).
   Dex:       It affects your dexterity (+2).
 N - a ring of magical power
 P - an amulet of regeneration (around neck)
 Q - a ring of ice
 T - a ring of flight
 V - an amulet of reflection
 W - a ring of ice
 X - a +6 ring of intelligence
 Y - the ring "Peucoroth" {rPois rF- rC+ Dex+3}
   (You found it in the Desolation of Salt)

   [ring of protection from cold]

   Dex:       It affects your dexterity (+3).
   rF:        It makes you vulnerable to fire.
   rC:        It protects you from cold.
   rPois:     It protects you from poison.
 Z - a +6 ring of dexterity
Wands
 e - a wand of digging (2)
 r - a wand of polymorph (31)
 x - a wand of iceblast (26)
 y - a wand of quicksilver (24)
 R - a wand of mindburst (9)
 S - a wand of flame (11)
Scrolls
 b - 2 scrolls of amnesia
 c - a scroll of magic mapping
 h - 3 scrolls of brand weapon
 j - 3 scrolls of vulnerability
 l - 2 scrolls of torment
 q - 9 scrolls of poison
 t - 5 scrolls of teleportation {@r4}
 B - 3 scrolls of butterflies
 C - 3 scrolls of enchant weapon
 J - 5 scrolls of fear
 K - 2 scrolls of blinking
 M - a scroll of silence
Potions
 d - a potion of magic
 g - 6 potions of brilliance
 n - 8 potions of curing {@q1}
 o - a potion of attraction
 s - a potion of might
 v - 3 potions of mutation
 w - 5 potions of flight
 z - 4 potions of berserk rage
 A - 7 potions of haste {@q3}
 F - a potion of invisibility
 L - 2 potions of lignification
Miscellaneous
 D - a tin of tremorstones (2/2)


   Skills:
 + Level 14.9 Fighting
 - Level 5.0 Armour
 - Level 5.0 Dodging
 - Level 1.7 Stealth
 - Level 4.0 Shields
 * Level 10.1 Unarmed Combat
 - Level 12.0 Spellcasting
 - Level 11.0 Conjurations
 - Level 4.1 Hexes
 - Level 13.0 Transmutations
 - Level 10.0 Fire Magic
 - Level 11.6 Air Magic
 - Level 7.5 Poison Magic
 - Level 10.0 Invocations


You had 7 spell levels left.
You knew the following spells:

 Your Spells              Type           Power      Damage    Failure   Level
a - Storm Form            Tmut/Air       39%        N/A       5%          7
b - Ignite Poison         Fire/Tmut/Pois 72%        N/A       1%          3
c - Inner Flame           Hex/Fire       60%        N/A       1%          3
d - Eringya's Noxious Bo  Tmut/Pois      36%        N/A       2%          6
e - Flame Wave            Conj/Fire      73%        2d16      1%          4
f - Silence               Hex/Air        32%        N/A       1%          5
g - Foxfire               Conj/Fire      100%       2x1d9     1%          1
h - Irradiate             Conj/Tmut      39%        3d24      1%          5

Your spell library contained the following spells:

 Spells                   Type           Power      Damage    Failure   Level
 Shock                    Conj/Air       100%       1d9       0%          1
 Wereblood                Tmut           82%        N/A       0%          2
 Apportation              Tloc           38%        N/A       1%          1
 Freeze                   Ice            76%        1d9       1%          1
 Magic Dart               Conj           100%       1d8       1%          1
 Necrotise                Necr           76%        1d7       1%          1
 Sandblast                Erth           38%        2d10      1%          1
 Summon Small Mammal      Summ           76%        N/A       1%          1
 Blink                    Tloc           38%        N/A       1%          2
 Call Imp                 Summ           19%        N/A       1%          2
 Passwall                 Tmut/Erth      48%        N/A       1%          2
 Poisonous Vapours        Pois/Air       100%       N/A       1%          2
 Scorch                   Fire           100%       2d10      1%          2
 Searing Ray              Conj           100%       2d8       1%          2
 Static Discharge         Conj/Air       76%        3-13/arc  1%          2
 Conjure Flame            Conj/Fire      73%        6-21      1%          3
 Mephitic Cloud           Conj/Pois/Air  72%        N/A       1%          3
 Spider Form              Tmut/Pois      73%        N/A       1%          3
 Stone Arrow              Conj/Erth      100%       3d13      1%          3
 Summon Guardian Golem    Hex/Summ       33%        N/A       1%          3
 Airstrike                Air            38%        2d(6-22)  1%          4
 Cause Fear               Hex            23%        N/A       1%          4
 Corpse Rot               Necr/Pois/Air  58%        N/A       1%          4
 Fulminant Prism          Conj/Hex       31%        3d16      1%          4
 Hailstorm                Conj/Ice       54%        3d12      1%          4
 Ice Form                 Ice/Tmut       58%        N/A       1%          4
 Iskenderun's Mystic Bla  Conj/Tloc      54%        2d12      1%          4
 Petrify                  Tmut/Erth      58%        N/A       1%          4
 Sticky Flame             Conj/Fire      73%        2d9       1%          4
 Summon Lightning Spire   Summ/Air       55%        N/A       1%          4
 Alistair's Intoxication  Tmut/Pois      48%        N/A       1%          5
 Blade Hands              Tmut           41%        N/A       1%          5
 Fireball                 Conj/Fire      36%        3d15      1%          5
 Freezing Cloud           Conj/Ice/Air   31%        6-21      1%          5
 Iskenderun's Battlesphe  Conj           75%        2d12      1%          5
 Lightning Bolt           Conj/Air       38%        1d56      1%          5
 Yara's Violent Unravell  Hex/Tmut       33%        3d14      1%          5
 Conjure Ball Lightning   Conj/Air       38%        3x3d12    1%          6
 Starburst                Conj/Fire      36%        6d11      1%          6
 Call Canine Familiar     Summ           19%        N/A       2%          3
 Frozen Ramparts          Ice            38%        1d6       2%          3
 Lesser Beckoning         Tloc           19%        N/A       2%          3
 Ozocubu's Armour         Ice            19%        N/A       2%          3
 Dragon Form              Tmut           41%        N/A       4%          7
 Dispel Undead            Necr           19%        3d11      9%          4
 Orb of Destruction       Conj           37%        9d11      9%          7
 Metabolic Englaciation   Hex/Ice        16%        N/A       12%         5
 Summon Mana Viper        Hex/Summ       33%        N/A       12%         5
 Iron Shot                Conj/Erth      27%        9d6       16%         6
 Borgnjor's Vile Clutch   Necr/Erth      9%         N/A       26%         5
 Lee's Rapid Deconstruct  Erth           9%         3d8*      26%         5
 Manifold Assault         Tloc           19%        N/A       26%         5
 Spellforged Servitor     Conj/Summ      27%        N/A       58%         7
 Death Channel            Necr           9%         N/A       77%         6
 Simulacrum               Ice/Necr       9%         N/A       77%         6
 Enfeeble                 Hex            23%        N/A       78%         7
 Maxwell's Capacitive Co  Air            38%        ∞         45%         8
 Ignition                 Fire           36%        3d11      65%         8
 Borgnjor's Revivificati  Necr           9%         N/A       100%        8
 Discord                  Hex            23%        N/A       100%        8
 Fire Storm               Conj/Fire      36%        8d9       100%        9


Dungeon Overview and Level Annotations

Branches:
Dungeon (15/15)            Temple (0/1) D:7            Lair (5/5) D:11
  Swamp (4/4) Lair:3        Snake (4/4) Lair:3        Slime (0/5) Lair:5
    Orc (2/2) D:9             Elf (2/3) Orc:2        Vaults (0/5) D:13
 Depths (0/4) D:15        Desolation (visited)

Altars:
Ashenzari
Dithmenos
Gozag
Hepliaklqana
Kikubaaqudgha
Nemelex Xobeh
Okawaru
Qazlal
Sif Muna
Trog
Uskayaw
Vehumet
Wu Jian
Yredelemnul
Jiyva

Shops:
D:2 (!=*=   D:10 !   D:15 ==!   Orc:1 *![(!   Orc:2 (*([   Elf:1 [=

Annotations:
D:11 exclusion: manticore
D:15 exclusion: door
Lair:4 2 transporters, Hiywul's ghost, journeyman MiHu
Snake:1 2 transporters, exclusion: obsidian statue
Elf:1 3 runed translucent doors, Cuucabuana's ghost, veteran MiGl


Innate Abilities, Weirdness & Mutations

You are a lightning-filled tempest!
Your electrical attacks strike out in all directions at once.
You are incredibly evasive.
Your insubstantial body is immune to petrification, constriction, and being set on fire You are flying.
You are immune to poison.
Your armour is entirely melded.
You are incapable of wielding weapons or throwing items.
Your demonic aura sometimes causes spilled blood to erupt in flames.
You are powered by pain.
((You are completely covered in razor-sharp scales. (AC +3, Slay +3)))
((Your touch may inflict irresistible damage on your foes.))
Your mind is acute. (Int +4, Str/Dex -1)
You occasionally lose the ability to read scrolls when taking damage.


Message History

The shard of ice hits you!
You focus on the pain.
You feel agile all of a sudden.
Casting: Storm Form (dangerous; 5% risk of failure)
Confirm with . or Enter, or press ? or * to list all spells.
A profound silence engulfs you. The +3 vorpal battleaxe hits you!!
You focus on the pain.
You feel your power returning.
A +3 morningstar of draining comes into view.
The deep elf pyromancer mumbles some strange words.
The deep elf pyromancer blinks!
The +3 vorpal battleaxe hits you!
You are too injured to fight recklessly!
You hit the +3 vorpal battleaxe but do no damage.
You punch the +3 vorpal battleaxe.
The +3 vorpal battleaxe is lightly damaged.
You hit the deep elf knight. You closely miss the deep elf knight.
You closely miss the +2 vorpal dire flail.
The deep elf knight hits you with a +0 scimitar.
The +2 vorpal dire flail hits you!
The deep elf knight hits you with a +0 short sword of freezing!
The deep elf knight freezes you. The +3 vorpal battleaxe misses you.
The deep elf knight barely misses you. The +2 vorpal dire flail hits you!
* * * LOW HITPOINT WARNING * * *
x2 The deep elf knight completely misses you.
The deep elf knight attacks as you move away!
The deep elf knight closely misses you.
The +2 vorpal dire flail completely misses you. x2
The +2 vorpal dire flail hits you.
* * * LOW HITPOINT WARNING * * *
x2 Your corrosive artefact corrodes you!
There is an open door here.
You fade into invisibility!
The +2 vorpal dire flail barely misses you.
The deep elf pyromancer casts a spell.
You barely miss the +2 vorpal dire flail.
The +2 vorpal dire flail completely misses you.
You buffet the +2 vorpal dire flail!
The +2 vorpal dire flail is heavily damaged.
The +2 vorpal dire flail hits you!!
You feel threatened and lose the ability to read scrolls!
* * * LOW HITPOINT WARNING * * *
You die...

##.........
#..........
####.........☼
..'.......eE.
...
#........☼.
....
#(.........
...
##e((......
... ##(e..?...
#'#
##v#e......
#.#
##.###..)..#
###'######.##
#'####
#.......#.##
#.#
##.......'##
#.#
#...).....#
###'###
##.........##
#.....#
#...♣...♣...#
##.....##
#.....⌠.....#
#.......#


You could see a deep elf knight (fast, unable to see you), a deep elf pyromancer
(unable to see you), a fire elemental (summoned, wandering, unable to see you)
and 3 dancing weapons.

Vanquished Creatures
  Vashnia (Snake:3)
  Nikola (Snake:4)
  Jorgrun (D:12)
  A thorn hunter (Swamp:4)
  Kirke (Snake:3)
  A fenstrider witch (Swamp:3)
  4 nagarajas (Snake:4)
  3 imperial myrmidons (Desolation)
  Aizul (Snake:3)
  Louise (Snake:2)
  An orc warlord (Orc:2)
  2 ghouls (Swamp:2)
  A very ugly thing (D:15)
  A deep elf annihilator (Elf:1)
  2 eleionomae (Swamp:2)
  5 bunyips
  2 halazid warlocks (Desolation)
  A deep elf death mage (Elf:1)
  2 crystal guardians (Desolation)
  Josephine (Swamp:1)
  A great orb of eyes (D:15)
  4 salamander tyrants (Snake:4)
  3 peacekeepers (Desolation)
  5 ragged hierophants (Desolation)
  5 boulder beetles
  4 servants of whispers (Desolation)
  19 hydras
  2 rakshasas (D:15)
  4 centaur warriors
  2 ghost crabs
  3 anacondas
  7 alligators
  3 two-headed ogres
  A death knight (D:15)
  2 tengu warriors
  7 dancing weapons
  10 naga warriors
  7 shock serpents
  7 death yaks
  15 naga sharpshooters
  An orc high priest (Orc:2)
  2 spriggan berserkers (Swamp:4)
  6 deep elf knights
  A fire crab (Lair:3)
  5 skeletal warriors
  5 salamander mystics
  3 spriggan druids
  11 swamp dragons
  6 sea snakes (Snake:1)
  2 deep trolls (shapeshifter)
  4 goliath frogs
  7 naga ritualists
  A wizard (D:14)
  Pikel (D:7)
  4 deep elf archers (Elf:1)
  2 ironbound convokers (Desolation)
  8 bog bodies
  An orc knight (Orc:2)
  A lindwurm (D:13)
  16 deep elf pyromancers
  12 mana vipers
  8 ugly things
  11 deep elf zephyrmancers
  5 orc sorcerers
  9 cyclopes
  8 manticores
  10 salamanders
  2 will-o-the-wisps
  Joseph (D:10)
  6 guardian serpents
  14 naga magi
  15 elephants (Lair:4)
  39 black mambas
  A molten gargoyle (Desolation)
  The ghost of apoch the Cleaver, a novice MiFi (D:4)
  2 torpor snails (Lair:3)
  6 gargoyles
  7 cane toads
  A komodo dragon (shapeshifter) (D:14)
  An unseen horror (D:11)
  6 rime drakes
  Maggie (D:7)
  A kobold demonologist (D:12)
  An efreet (D:14)
  3 freezing wraiths
  7 komodo dragons
  3 meliai (D:13)
  8 trolls
  7 hornets
  6 polar bears
  39 saltlings (Desolation)
  9 tyrant leeches
  12 slime creatures
  10 blink frogs
  7 dream sheep
  Sigmund (D:6)
  A shadow (D:11)
  A vampire (D:10)
  3 air elementals
  9 wraiths
  3 hogs (Snake:3)
  22 spriggans
  A fire elemental (Elf:1)
  41 yaks
  A wyvern (Lair:4)
  15 vampire mosquitoes
  4 basilisks
  2 steam dragons
  3 wargs
  32 nagas
  15 swamp worms
  2 acid dragons
  22 water moccasins
  Duvessa (D:5)
  8 swamp drakes
  47 orc warriors
  4 sky beasts (D:14)
  A black bear (Lair:5)
  8 ogres
  4 centaurs
  21 wolves
  4 boggarts
  4 lemures
  A phantom (D:6)
  5 kobold brigands
  12 bullfrogs
  3 necrophages
  A scorpion (D:5)
  3 gnoll sergeants
  8 wights
  Dowan (D:5)
  5 killer bees (D:9)
  2 howler monkeys (D:11)
  2 electric eels
  3 jellies
  5 hounds
  A gnoll bouda (D:6)
  19 orc priests
  Ijyb (D:5)
  2 iguanas
  26 orc wizards
  7 hell rats (Lair:2)
  5 adders
  33 gnolls
  2 white imps
  2 worms (D:2)
  4 dart slugs
  98 orcs
  11 endoplasms
  4 giant cockroaches
  6 goblins
  6 hobgoblins
  5 jackals
  4 quokkas
  7 ball pythons
  6 bats
  3 frilled lizards
  21 kobolds
  3 rats
  A briar patch (Swamp:4)
  A bush (Lair:2)
  4 pillars of salt (Elf:1)
1123 creatures vanquished.

Vanquished Creatures (collateral kills)
  3 death yaks (Lair:5)
  2 polar bears (Lair:5)
  A black bear (Lair:5)
  A wolf (Lair:5)
  A gnoll bouda (D:7)
  2 gnolls (D:7)
10 creatures vanquished.

Vanquished Creatures (others)
  A deep elf archer (Elf:1)
  A bloated husk (Swamp:1)
  A water elemental (Elf:1)
  A swamp worm (Swamp:4)
  A wolf (Lair:3)
  An orc wizard (Orc:1)
  251 foxfires
  40 fungi
  85 plants
382 creatures vanquished.

Grand Total: 1515 creatures vanquished

Notes
Turn   | Place    | Note
-------+----------+-------------------------------------------
     0 | D:1      | freelancePsychic the Demonspawn Fire Elementalist began the
                  | quest for the Orb.
     0 | D:1      | Reached XP level 1. HP: 13/13 MP: 3/3
   266 | D:1      | Gained mutation: You sometimes gain a little power by
                  | taking damage. [demonic ancestry]
   266 | D:1      | Reached XP level 2. HP: 20/20 MP: 0/5
   438 | D:1      | Reached skill level 1 in Fighting
   553 | D:1      | Learned a level 2 spell: Scorch
   844 | D:2      | Found Cynnuzxe's Distillery.
  1070 | D:2      | Bought a potion of curing for 33 gold pieces
  1094 | D:2      | Found Seibrahe's Jewellery Emporium.
  1129 | D:2      | Reached XP level 3. HP: 26/26 MP: 0/6
  1255 | D:2      | Found Cokumn's Jewellery Emporium.
  1375 | D:2      | Found Puch's Assorted Antiques.
  1470 | D:2      | Learned a level 3 spell: Conjure Flame
  1548 | D:2      | Found Uppiepau's Weapon Boutique.
  1745 | D:2      | You fall into a shaft and drop 2 floors!
  1745 | D:4      | Found a hazy altar of Hepliaklqana.
  1770 | D:4      | Gained mutation: You are partially covered in razor-sharp
                  | scales. (AC +1, Slay +1) [demonic ancestry]
  1770 | D:4      | Reached XP level 4. HP: 33/33 MP: 0/7
  2196 | D:3      | Reached skill level 2 in Fighting
  2625 | D:3      | Found a faded altar of an unknown god.
  3319 | D:4      | Gained mutation: You sometimes gain power by taking damage.
                  | [demonic ancestry]
  3319 | D:4      | Reached XP level 5. HP: 39/39 MP: 2/9
  3835 | D:4      | Reached skill level 3 in Fighting
  3945 | D:4      | Identified the +0 buckler of Fortification {Dex+4}
  3980 | D:4      | Found a transporter.
  3991 | D:4      | Noticed apoch's ghost (novice MiFi)
  4088 | D:5      | Entered Level 5 of the Dungeon
  4091 | D:5      | Gained mutation: Your touch may inflict minor irresistible
                  | damage on your foes. [demonic ancestry]
  4091 | D:5      | Reached XP level 6. HP: 47/47 MP: 5/10
  4596 | D:5      | Noticed Dowan
  4606 | D:5      | Noticed Duvessa
  4619 | D:5      | Gained mutation: Your mind is acute. (Int +4, Str/Dex -1)
                  | [potion of mutation]
  4619 | D:5      | Gained mutation: You occasionally lose the ability to read
                  | scrolls when taking damage. [potion of mutation]
  4646 | D:5      | Killed Dowan
  4648 | D:5      | Killed Duvessa
  4857 | D:5      | Found a shadowy altar of Dithmenos.
  4919 | D:5      | Reached skill level 4 in Fighting
  4959 | D:5      | Found an iron altar of Okawaru.
  4968 | D:5      | Reached skill level 5 in Fire Magic
  4968 | D:5      | Gained mutation: You are mostly covered in razor-sharp
                  | scales. (AC +2, Slay +2) [demonic ancestry]
  4968 | D:5      | Reached XP level 7. HP: 54/54 MP: 7/12
  4976 | D:5      | Found a shimmering blue altar of Sif Muna.
  4980 | D:5      | Became a worshipper of Sif Muna the Loreminder
  5140 | D:5      | Noticed Ijyb
  5154 | D:5      | Killed Ijyb
  5358 | D:4      | Reached skill level 1 in Invocations
  5903 | D:4      | Found a transporter.
  6344 | D:5      | Found an ancient bone altar of Kikubaaqudgha.
  6654 | D:6      | Reached skill level 5 in Fighting
  6846 | D:6      | Reached XP level 8. HP: 22/64 MP: 2/13
  7052 | D:6      | Noticed Sigmund
  7057 | D:6      | Killed Sigmund
  7058 | D:6      | Reached skill level 6 in Fighting
  7113 | D:6      | Found an ornate altar of the Wu Jian Council.
  7578 | D:8      | Reached * piety under Sif Muna
  7749 | D:8      | Identified the +8 spear of Trial by Ordeal {vorpal, rCorr
                  | Str-3 Int+6}
  7955 | D:8      | Found a hide-covered altar of Uskayaw.
  8409 | D:7      | Found a staircase to the Ecumenical Temple.
  8415 | D:7      | Noticed Maggie
  8440 | D:7      | Killed Maggie
  8441 | D:7      | Reached skill level 5 in Invocations
  8441 | D:7      | Reached XP level 9. HP: 71/71 MP: 1/14
  8586 | D:6      | Found a radiant altar of Vehumet.
  8845 | D:6      | Learned a level 4 spell: Flame Wave
  8928 | D:6      | Reached skill level 7 in Fighting
  9388 | D:6      | Found a broken altar of Ashenzari.
  9413 | D:7      | Noticed Pikel
  9743 | D:7      | Reached skill level 5 in Conjurations
 10041 | D:7      | Killed Pikel
 10267 | D:8      | Reached ** piety under Sif Muna
 10722 | D:9      | Reached XP level 10. HP: 64/79 MP: 10/15
 11228 | D:9      | Reached skill level 8 in Fighting
 11568 | D:9      | Reached *** piety under Sif Muna
 11703 | D:9      | Found a staircase to the Orcish Mines.
 11888 | Orc:1    | Entered Level 1 of the Orcish Mines
 12337 | Orc:1    | Found Pulid's Distillery.
 12378 | Orc:1    | Noticed an orc sorcerer
 12382 | Orc:1    | Paralysed by an orc sorcerer for 3 turns
 12390 | Orc:1    | Killed an orc sorcerer
 12391 | Orc:1    | Reached XP level 11. HP: 36/87 MP: 5/17
 12764 | Orc:1    | Found Dougg's Antique Weapon Emporium.
 12854 | Orc:1    | Noticed an orc sorcerer
 12865 | Orc:1    | Killed an orc sorcerer
 13099 | Orc:1    | Found Luotewao's Armour Shop.
 13103 | Orc:1    | Found Lazyoth's Assorted Antiques.
 13122 | Orc:1    | Found Dyxtaniso's Distillery.
 13385 | D:2      | Bought the ring of Lawk {Wiz *Corrode +Blink rF++ SInv} for
                  | 781 gold pieces
 13390 | D:2      | Learned a level 3 spell: Inner Flame
 13487 | D:4      | Killed apoch's ghost
 13490 | D:4      | Reached skill level 1 in Hexes
 13931 | D:10     | Entered Level 10 of the Dungeon
 14077 | D:10     | Reached skill level 1 in Shields
 14083 | D:10     | Noticed a two-headed ogre
 14089 | D:10     | Killed a two-headed ogre
 14090 | D:10     | Reached skill level 9 in Fighting
 14371 | D:10     | Noticed a two-headed ogre
 14380 | D:10     | Killed a two-headed ogre
 14387 | D:10     | Reached **** piety under Sif Muna
 14795 | D:10     | Reached skill level 10 in Invocations
 14807 | D:10     | Noticed Joseph
 14814 | D:10     | Killed Joseph
 14904 | D:10     | Found a sparkling altar of Nemelex Xobeh.
 14907 | D:10     | Found an opulent altar of Gozag.
 14907 | D:10     | Found a stormy altar of Qazlal.
 14909 | D:10     | Found a bloodstained altar of Trog.
 14910 | D:10     | Found a basalt altar of Yredelemnul.
 15035 | D:10     | Found Lous's Distillery.
 15043 | D:10     | Bought a potion of brilliance for 44 gold pieces
 15043 | D:10     | Bought a potion of haste for 110 gold pieces
 15610 | D:11     | Reached skill level 10 in Fire Magic
 15610 | D:11     | Reached XP level 12. HP: 97/97 MP: 12/19
 15695 | D:11     | Reached skill level 10 in Fighting
 15740 | D:11     | Reached skill level 1 in Transmutations
 15932 | D:11     | Learned a level 5 spell: Irradiate
 15960 | D:11     | Reached skill level 1 in Armour
 16036 | D:11     | Noticed a tengu warrior
 16041 | D:11     | Killed a tengu warrior
 16891 | D:11     | Found a staircase to the Lair.
 16971 | Lair:1   | Entered Level 1 of the Lair of Beasts
 17064 | Lair:1   | Noticed a seven-headed hydra
 17073 | Lair:1   | Killed a seven-headed hydra
 17579 | Lair:2   | Noticed a death yak
 17585 | Lair:2   | Noticed a death yak
 17587 | Lair:2   | Noticed a death yak
 17588 | Lair:2   | Killed a death yak
 17590 | Lair:2   | Noticed a death yak
 17591 | Lair:2   | Noticed a death yak
 17592 | Lair:2   | Noticed a death yak
 17595 | Lair:2   | Killed a death yak
 17598 | Lair:2   | Killed a death yak
 17599 | Lair:2   | Reached skill level 5 in Transmutations
 17703 | Lair:2   | Killed a death yak
 17719 | Lair:2   | Killed a death yak
 17719 | Lair:2   | Reached ***** piety under Sif Muna
 17720 | Lair:2   | Killed a death yak
 17864 | Lair:2   | Gained mutation: You are completely covered in razor-sharp
                  | scales. (AC +3, Slay +3) [demonic ancestry]
 17864 | Lair:2   | Reached XP level 13. HP: 78/105 MP: 15/20
 17976 | Lair:2   | Reached skill level 11 in Fighting
 18126 | Lair:2   | Reached skill level 10 in Conjurations
 18810 | Lair:3   | Received a gift from Sif Muna
 18826 | Lair:3   | Got Uczaenen's Catalogue of Blasting {god gift}
 19338 | Lair:3   | Identified the +8 broad axe "Impbane" {freeze, Str+2}
 19391 | Lair:3   | Reached skill level 5 in Armour
 19438 | Lair:3   | Found a staircase to the Swamp.
 19450 | Lair:3   | Found a staircase to the Snake Pit.
 20755 | Lair:4   | Noticed Hiywul's ghost (journeyman MiHu)
 20763 | Lair:4   | Found a transporter.
 21314 | Lair:4   | Found a transporter.
 21319 | Lair:4   | Found a bloodstained altar of Trog.
 21659 | Lair:4   | Reached XP level 14. HP: 91/114 MP: 13/21
 21660 | Lair:4   | Reached skill level 12 in Fighting
 21713 | Lair:4   | Received a gift from Sif Muna
 21714 | Lair:4   | Got Sif Muna's Tome of Reformation and the Throng {god
                  | gift}
 21935 | Lair:5   | Entered Level 5 of the Lair of Beasts
 22130 | Lair:5   | Reached skill level 1 in Poison Magic
 22231 | Lair:5   | Found a staircase to the Slime Pits.
 22231 | Lair:5   | Found a viscous altar of Jiyva.
 22472 | Lair:5   | Reached skill level 5 in Dodging
 23670 | Lair:5   | Reached skill level 10 in Transmutations
 24199 | Orc:2    | Entered Level 2 of the Orcish Mines
 24215 | Orc:2    | Received a gift from Sif Muna
 24358 | Orc:2    | Reached skill level 5 in Poison Magic
 24399 | Orc:2    | Noticed an orc warlord
 24415 | Orc:2    | Killed an orc warlord
 24644 | Orc:2    | Found a staircase to the Elven Halls.
 24716 | Orc:2    | Found Kogiyjir's Antique Weapon Shop.
 24718 | Orc:2    | Found Ytamm's Antique Armour Boutique.
 24890 | Orc:2    | Found Wyroumy's General Store.
 25051 | Orc:2    | Received a gift from Sif Muna
 25270 | Orc:2    | Learned a level 6 spell: Eringya's Noxious Bog
 25429 | Orc:2    | Found Abogryxa's Antique Weapon Boutique.
 25587 | D:11     | Identified the +7 falchion "Nuasouxt" {drain, rC+ MP+9
                  | Dex+2 SInv}
 25956 | D:12     | Noticed Jorgrun
 25968 | D:12     | Killed Jorgrun
 26247 | D:12     | Got the Discourse on the Freezing Arsonist
 26275 | D:12     | Identified the +1 leather armour of the Stone Wall {SInv
                  | Stlth+}
 26293 | D:12     | Gained mutation: Your demonic aura sometimes causes spilled
                  | blood to erupt in flames. [demonic ancestry]
 26293 | D:12     | Reached XP level 15. HP: 105/122 MP: 17/22
 26828 | D:13     | Reached skill level 13 in Fighting
 26828 | D:13     | Reached skill level 5 in Spellcasting
 26854 | D:13     | Received a gift from Sif Muna
 26855 | D:13     | Got Sif Muna's Grimoire of Poison and Breath {god gift}
 27157 | D:13     | Found a gate to the Vaults.
 27162 | D:13     | Identified the +7 morningstar of Balance {chaos, *Noise
                  | rN+++ Will- Dex+3}
 28228 | D:14     | Paralysed by an air elemental for 1 turns
 28494 | D:14     | Identified the +3 dagger "Cuphona" {pain, rC+}
 28498 | D:14     | Got the Spellbook of Confrontation and Silt
 28499 | D:14     | Identified the +4 ring mail of Liberty {rPois rF+ Dex+2}
 29285 | D:15     | Entered Level 15 of the Dungeon
 29371 | D:15     | Found Tiats's Jewellery Boutique.
 29394 | D:15     | Reached skill level 1 in Air Magic
 29419 | D:15     | Bought a +6 ring of intelligence for 612 gold pieces
 29505 | D:15     | Found Umonouti's Jewellery Shop.
 29561 | D:15     | Found Doatte's Distillery.
 30146 | D:15     | Paralysed by a great orb of eyes for 5 turns
 30156 | D:15     | Found a staircase to the Depths.
 30384 | D:15     | Found an ornate altar of the Wu Jian Council.
 30425 | D:15     | Learned a level 3 spell: Ignite Poison
 30635 | Snake:1  | Entered Level 1 of the Snake Pit
 30644 | Snake:1  | Received a gift from Sif Muna
 31044 | Snake:1  | Found a transporter.
 31089 | Snake:1  | Reached skill level 5 in Air Magic
 31250 | Snake:1  | Gained mutation: Your touch may inflict irresistible damage
                  | on your foes. [demonic ancestry]
 31250 | Snake:1  | Reached XP level 16. HP: 44/130 MP: 10/27
 31521 | Snake:1  | Identified the amulet "Ovill" {Reflect rN+ Int+3 SH+5}
 31525 | Snake:1  | Found a transporter.
 32392 | Snake:1  | Learned a level 7 spell: Storm Form
 32552 | Snake:2  | Noticed Louise
 32858 | Snake:2  | Killed Louise
 33671 | Snake:3  | Noticed Aizul
 33681 | Snake:3  | Killed Aizul
 33759 | Snake:3  | Noticed Vashnia
 33815 | Snake:3  | Killed Vashnia
 33822 | Snake:3  | Reached skill level 10 in Air Magic
 34478 | Snake:3  | Noticed Kirke
 34486 | Snake:3  | Killed Kirke
 35042 | Snake:4  | Entered Level 4 of the Snake Pit
 35829 | Snake:4  | Reached skill level 1 in Unarmed Combat
 35913 | Snake:4  | Noticed Nikola
 35918 | Snake:4  | Received a gift from Sif Muna
 35919 | Snake:4  | Got Fumm's Catalogue of Changed Dark Secrets {god gift}
 35936 | Snake:4  | Killed Nikola
 36065 | Snake:4  | Gained mutation: You are powered by pain. [demonic
                  | ancestry]
 36065 | Snake:4  | Reached XP level 17. HP: 109/136 MP: 0/29
 36214 | Snake:4  | Identified the +4 whip of the Skies Above {holy, *Slow
                  | rPois rC+ Int+2}
 36749 | Snake:4  | Got a serpentine rune of Zot
 37029 | Swamp:1  | Entered Level 1 of the Swamp
 37051 | Swamp:1  | Noticed Josephine
 37061 | Swamp:1  | Killed Josephine
 37086 | Swamp:1  | Reached skill level 5 in Unarmed Combat
 37884 | Swamp:2  | Received a gift from Sif Muna
 38573 | Swamp:4  | Entered Level 4 of the Swamp
 38590 | Swamp:4  | Reached skill level 14 in Fighting
 38617 | Swamp:4  | Reached skill level 10 in Spellcasting
 38631 | Swamp:4  | Reached XP level 18. HP: 87/146 MP: 20/32
 38737 | Swamp:4  | Received a gift from Sif Muna
 38738 | Swamp:4  | Got Sif Muna's Tractate on the Pyromaniac and Outbursts
                  | {god gift}
 38973 | Swamp:4  | Got a decaying rune of Zot
 39325 | Elf:1    | Entered Level 1 of the Elven Halls
 39375 | Elf:1    | Paralysed by an air elemental for 1 turns
 39466 | Elf:1    | Found Unwarr's Jewellery Shoppe.
 39489 | Elf:1    | Found a crumbling gateway.
 39490 | Elf:1    | Found Hupsehar's Antique Armour Emporium.
 39515 | Desolati | Entered the Desolation of Salt
 39648 | Desolati | Identified the ring of Kets {rCorr Dex-3 Slay+5}
 39813 | Desolati | Identified the ring of Tyomnun {Int+6 Dex+2}
 40149 | Desolati | Identified the ring "Peucoroth" {rPois rF- rC+ Dex+3}
 40236 | Desolati | Identified the +6 war axe "Gazaen" {vorpal, rC+}
 40314 | Desolati | Got the Incunabulum of Curses
 40316 | Desolati | Got Sirhametz's Lessons on the Crypt
 40322 | Desolati | Identified the +8 long sword of Jebb {vorpal, rN+}
 40428 | Desolati | Received a gift from Sif Muna
 40429 | Desolati | Got Sif Muna's Verses on the Tempest and Conjury {god gift}
 40447 | Elf:1    | Learned a level 5 spell: Silence
 41133 | Elf:1    | Found a runed translucent gate.
 41134 | Elf:1    | Found a runed translucent gate.
 41135 | Elf:1    | Found a runed translucent gate.
 41135 | Elf:1    | Noticed Cuucabuana's ghost (veteran MiGl)
 41143 | Elf:1    | Found an iron altar of Okawaru.
 41174 | Elf:2    | Reached skill level 10 in Unarmed Combat
 41253 | Elf:2    | Got the Monograph on the Vapourous Throng
 41418 | Elf:2    | HP: 1/148 [+2 vorpal dire flail (30)]
 41418 | Elf:2    | Slain by a +2 vorpal dire flail

Illustrated notes

Levels and vault maps discovered:
D:1:      saegor_arrival_simple_a, layout_rooms
D:2:      layout_basic, serial_shops, nicolae_shop_behind_doors,
          nicolae_square_shop, shop, nicolae_shop_stone,
          nicolae_shop_advertising_works [nicolae_subvault_shop_adworks],
          hex_tiny, kennysheep_generic_room_11
D:3:      layout_loops_ring, hellmonk_ecumenical_altar_pennies_from_heaven,
          minivault_23, st_stairs_5
D:4:      layout_cave_pools, lemuel_tele_altar, gammafunk_ghost_gnarly_gnolls,
          kennysheep_generic_room_16
D:5:      layout_basic, nicolae_kikubaaqudgha_miasma_corner,
          mainiacjoe_overflow_chevrons, mainiacjoe_overflow_big_doors,
          uniq_duvessa, uniq_ijyb
D:6:      layout_basic, nicolae_overflow_hidden_temple,
          mainiacjoe_overflow_24_doors, general_overflow_altar,
          chequers_serial_rivers_room_a, uniq_sigmund
D:7:      layout_cave_pools, zin_treasury, minmay_temple_entry_tees,
          uniq_maggie, uniq_pikel
D:8:      layout_loops_ring, old_standard_altar, nicolae_figureground_sparkle
D:9:      layout_loops_cross, david_orc_5
D:10:     minmay_inner_zag, layout_irregular_city, grunt_temple_overflow_open,
          serial_shops, nicolae_square_shop, uniq_joseph
D:11:     minmay_inside_and_out, layout_layer_cave, david_lair_shrubbed,
          gauntlet_entry_generic
D:12:     layout_irregular_city, uniq_jorgrun
D:13:     layout_irregular_city, david_vaults_4, due_unseen_surprise
D:14:     minmay_the_grid_octo_triangle [minmay_the_grid_octo_checkerflower,
          minmay_the_grid_octo_prize_ultimate_mussel_roller,
          minmay_the_grid_octo_odd_swirl], layout_small_grid,
          patterned_corridor, dreamdust_looks_like_rain
D:15:     gammafunk_enter_depths_forms, layout_rooms, lemuel_round_altar,
          serial_shops, shop, nicolae_shop_trees, shop_coins
Lair:1:   layout_regular_city
Lair:2:   layout_regular_city, minivault_24, grunt_megastairs_1
Lair:3:   layout_long_grid, swamp_mist, minmay_snake_entry_six_corridors
Lair:4:   layout_regular_city, gammafunk_ghost_wrathful_warriors,
          chequers_serial_rivers_large_b, chequers_serial_rivers_micro_d,
          st_stairs_12, fungi_pond_lemuel
Lair:5:   minmay_lair_end_enchanted_forest, layout_loops_ring,
          nicolae_slime_entry_slimehenge, serial_bayou_shore_a
Swamp:1:  layout_falls_marsh, evilmike_swamp_ruin_house_3, uniq_josephine
Swamp:2:  layout_basic_swamp, evilmike_swamp_ruin_house_6
Swamp:3:  layout_basic_swamp, nicolae_swamp_small_spring
Swamp:4:  swamp_basic_johnstein, layout_basic_swamp, swamp_pool4,
          infiniplex_staircase_pool_2
Snake:1:  gammafunk_sealed_arena, layout_basic
Snake:2:  layout_rooms, uniq_louise
Snake:3:  layout_chambers, uniq_kirke, uniq_vashnia, uniq_aizul
Snake:4:  minmay_snake_end_coiled, layout_cave_town,
          nicolae_snake_mages_go_home, uniq_nikola
Orc:1:    layout_diamond_mine, portal_ice_cave_rime, serial_shops, shop,
          nicolae_diamond_shop, shop, nicolae_shop_crystal,
          nicolae_shop_statue_plus
Orc:2:    grunt_orc_community_town_hall, layout_caves,
          grunt_orc_community_big_house_2, grunt_orc_community_big_house_2,
          grunt_orc_community_house_1, grunt_orc_community_house_3,
          grunt_orc_community_house_2, grunt_orc_community_house_2
Elf:1:    elf_arrival_001, layout_onion_city, gammafunk_ghost_fury_of_okawaru,
          portal_desolation_entry_garden, serial_shops, shop, minivault_28,
          minmay_shop_star
Elf:2:    nicolae_elf_blades_splatter_lattice
          [nicolae_blade_entry_area_security], layout_geoelf_grid

Skill      XL: |  1  2  3  4  5  6  7  8  9 10 11 12 13 14 15 16 17 18 |
---------------+-------------------------------------------------------+-----
Fire Magic     | 3 4 5 6 8 9 10 | 10.0
Fighting       | 1 2 3 4 5 6 7 8 9 10 11 12 13 14 | 14.9
Conjurations   | 2 3 6 8 9 11 | 11.0
Spellcasting   | 3 4 7 8 10 12 | 12.0
Invocations    | 3 5 6 8 10 | 10.0
Hexes          | 4 |  4.1
Shields        | 4 |  4.0
Dodging        | 2 4 5 |  5.0
Transmutations | 5 8 10 12 13 | 13.0
Armour         | 3 5 |  5.0
Poison Magic   | 5 7 |  7.5
Air Magic      | 5 11 | 11.6
Unarmed Combat | 2 7 10 | 10.1
Stealth        | |  1.7

Action                   |  1- 3 |  4- 6 |  7- 9 | 10-12 | 13-15 | 16-18 || total
-------------------------+-------+-------+-------+-------+-------+-------++-------
Melee: Dagger            |    14 |    15 |    26 |       |       |       ||    55
       Staff             |     2 |     8 |    29 |    51 |   128 |    19 ||   237
       Unarmed           |       |    15 |       |       |       |   517 ||   532
       Touch             |       |       |     9 |     6 |       |       ||    15
       Punch             |       |       |       |     1 |       |    30 ||    31
 Cast: Foxfire           |    42 |    36 |    17 |    25 |    16 |       ||   136
       Scorch            |    16 |    47 |   104 |   170 |   269 |       ||   606
       Conjure Flame     |       |     1 |     6 |       |       |       ||     7
       Flame Wave        |       |       |     9 |    37 |    63 |     3 ||   112
       Inner Flame       |       |       |       |    65 |   108 |       ||   173
       Irradiate         |       |       |       |     3 |    99 |    33 ||   135
       Eringya's Noxious |       |       |       |       |    11 |    77 ||    88
       Ignite Poison     |       |       |       |       |     6 |    68 ||    74
       Storm Form        |       |       |       |       |       |    46 ||    46
       Silence           |       |       |       |       |       |     2 ||     2
Invok: Channel Magic     |       |       |     1 |     8 |    13 |     7 ||    29
 Abil: Blinkbolt         |       |       |       |       |       |    31 ||    31
       End Transformatio |       |       |       |       |       |     1 ||     1
Evoke: Wand              |       |       |     8 |     5 |       |       ||    13
       Tin of tremorston |       |       |       |     1 |       |     1 ||     2
  Use: Scroll            |     3 |     4 |     9 |     6 |    16 |    11 ||    49
       Potion            |       |     5 |     8 |       |     6 |    13 ||    32
 Stab: Sleeping          |     1 |       |       |       |       |     1 ||     2
       Confused          |       |     1 |       |       |       |       ||     1
       Distracted        |       |       |       |       |     2 |       ||     2
Armor: Robe              |     1 |     2 |       |       |       |       ||     3
       Leather armour    |       |     2 |    28 |       |       |       ||    30
       Skin              |       |     3 |       |       |       |   183 ||   186
       Swamp dragon scal |       |       |    21 |    64 |   255 |    46 ||   386
       Troll leather arm |       |       |       |       |     3 |    22 ||    25
Dodge: Dodged            |    11 |    30 |   105 |    92 |   284 |   608 ||  1130
Block: Buckler           |       |       |       |    13 |   125 |    43 ||   181
